 Dungeon Crawl Stone Soup version 0.32-a0-953-g508020473e (webtiles) character file.

Game seed: 17538954497169809786

10045 Konar the Skirmisher (level 11, -1/81 (90) HPs)
             Began as a Coglin Hunter on Apr 16, 2024.
             Was a High Priest of Okawaru.
             Slain by a spectral orc warrior
             ... wielding a +0 trident
             ... summoned by Nergalle
              (10 damage)
             ... on level 1 of the Lair of Beasts.
             The game lasted 00:13:00 (12212 turns).

Konar the Skirmisher (Coglin Hunter)               Turns: 12212, Time: 00:13:00

HP:   -1/81 (90)    AC:  8    Str: 12    XL:     11   Next: 56%
MP:   14/14         EV: 11    Int:  8    God:    Okawaru [*****.]
Gold: 682           SH:  0    Dex: 22    Spells: 10/10 levels left

rFire   . . .        a - +2 sling {Marzanna}
rCold   . . .        d - +0 sling {Chinhae}
rNeg    . . .        c - +0 leather armour
rPois   .            C - +0 helmet
rElec   .            p - +0 cloak
rCorr   .            (no gloves)
SInv    .            s - +2 pair of boots
Will    .....        (amulet unavailable)
Stlth   ++           (ring unavailable)
HPRegen 0.33/turn    (ring unavailable)
MPRegen 0.14/turn    (no gizmo)

%: no passive effects
@: about to teleport, heavily drained, revved
A: off-hand wielding, slow wielding, warmup strikes, no jewellery
a: Invent Gizmo, Renounce Religion, Heroism, Finesse, Duel


You were on level 1 of the Lair of Beasts.
You worshipped Okawaru.
Okawaru was extremely pleased with you.
You visited 3 branches of the dungeon, and saw 12 of its levels.

You collected 682 gold pieces.

Inventory:

Hand Weapons
 a - a +2 sling (weapon) {Marzanna}
 d - a +0 sling (offhand) {Chinhae}
Missiles
 e - 4 curare-tipped darts
Armour
 c - a +0 leather armour (worn)
 p - a +0 cloak (worn)
 s - a +2 pair of boots (worn)
 u - a +0 hat
 C - a +0 helmet (worn)
Wands
 g - a wand of mindburst (8)
 k - a wand of polymorph (11)
 v - a wand of paralysis (13)
 x - a wand of light (2)
 z - a wand of digging (4)
 B - a wand of flame (11)
Scrolls
 b - a scroll of butterflies
 j - a scroll of teleportation
 q - a scroll of vulnerability
 r - a scroll of revelation
 w - a scroll of fog
 y - a scroll of amnesia
 A - a scroll of identify
Potions
 f - 2 potions of might
 h - a potion of magic
 i - a potion of cancellation
 l - a potion of brilliance
 m - a potion of mutation {unknown}
 n - 3 potions of curing {unknown}
 o - 2 potions of degeneration {unknown}
 t - a potion of enlightenment {unknown}


   Skills:
 + Level 9.9 Fighting
 * Level 13.0 Ranged Weapons
 - Level 1.7 Dodging
 - Level 0.7 Stealth
 + Level 5.2 Invocations


You had 10 spell levels left.
You didn't know any spells.
Your spell library contained the following spells:

 Spells                   Type           Power      Damage    Failure   Level
 Dazzling Flash           Conj/Hex       0%         N/A       86%         3
 Mephitic Cloud           Conj/Alch/Air  0%         N/A       86%         3
 Stone Arrow              Conj/Erth      0%         3d7       86%         3
 Dimensional Bullseye     Hex/Tloc       0%         N/A       99%         4
 Iskenderun's Mystic Bla Conj/Tloc 0%             2d3        (+2d1     99%         4
 Passage of Golubria      Tloc           0%         N/A       99%         4
 Silence                  Hex/Air        0%         N/A       100%        5
 Yara's Violent Unravell  Hex/Alch       0%         3d3       100%        5
 Lehudib's Crystal Spear  Conj/Erth      0%         10d2      100%        8
 Tukima's Dance           Hex            Unusable   N/A       N/A         3

Dungeon Overview and Level Annotations

Branches:
Dungeon (10/15)            Temple (1/1) D:7            Lair (1/5) D:8
    Orc (0/2) D:9

Altars:
Ashenzari
Cheibriados
Dithmenos
Elyvilon
Fedhas
Gozag
Hepliaklqana
Kikubaaqudgha
Makhleb
Nemelex Xobeh
Okawaru
Qazlal
Ru
Sif Muna
Trog
Uskayaw
Vehumet
Wu Jian
Xom
Yredelemnul
Zin

Shops:
D:10 =

Annotations:
D:7 exclusion: ugly thing
D:10 1 transporter
Lair:1 Nergalle


Innate Abilities, Weirdness & Mutations

You can wield a second weapon in your off-hand.
It takes a long time for you to wield or remove held weapons.
Your first few attacks do less damage.
You cannot equip rings or amulets.


Message History

Nergalle barely misses you.
The spectral orc warrior hits you with a +0 trident.
The spectral orc warrior hits you with a +0 trident!
You feel drained.
You are too injured to fight recklessly!
You are too injured to fight recklessly!
You are too injured to fight recklessly!
You are too injured to fight recklessly!
You are too injured to fight recklessly!
You are too injured to fight recklessly!
You are too injured to fight recklessly!
You are too injured to fight recklessly!
You are too injured to fight recklessly!
You are too injured to fight recklessly!
You are too injured to fight recklessly!
You are too injured to fight recklessly!
You are too injured to fight recklessly!
You are too injured to fight recklessly!
You are too injured to fight recklessly!
As you read the scroll of teleportation, it crumbles to dust.
You feel strangely unstable.
The spectral orc warrior hits you but does no damage.
Nergalle hits you but does no damage.
The spectral orc warrior hits you with a +0 trident. x2
* * * LOW HITPOINT WARNING * * *
You feel drained.
* * * LOW HITPOINT WARNING * * *
The spectral orc warrior hits you from afar with a +0 trident.
* * * LOW HITPOINT WARNING * * *
You feel drained.
* * * LOW HITPOINT WARNING * * *
Nergalle hits you but does no damage.
The spectral orc warrior closely misses you.
The spectral orc warrior hits you with a +0 trident.
* * * LOW HITPOINT WARNING * * *
You feel drained.
The spectral orc warrior hits you with a +0 trident.
* * * LOW HITPOINT WARNING * * *
The spectral orc warrior hits you from afar with a +0 trident!
You die...

### ##.### #..... ##
### #.####
#.####.##### #.#
#ZZ.......# #.##
#Fo@......# ###..#
#..Z.####..#.###P..##
........#
####.......P#
........# #.#####.##
#.##...## ### #.# #
#... P.# #... #.#
.... ... ...


You could see Nergalle, 3 spectral orc warriors and a blink frog.

Vanquished Creatures
  Gastronok (D:8)
  Erica (D:8)
  2 two-headed ogres
  Maurice (D:9)
  Jeremiah (D:9)
  A komodo dragon (D:8)
  2 blink frogs (Lair:1)
  6 yaks
  A human (D:7)
  Grum (D:8)
  2 water moccasins (D:8)
  An acid dragon (D:7)
  3 ice beasts
  2 sky beasts (D:7)
  4 wolves (D:8)
  4 ogres
  4 centaurs
  2 phantoms (D:5)
  3 kobold brigands
  A gnoll sergeant (D:8)
  4 bullfrogs
  3 scorpions (D:8)
  8 wights
  12 killer bees (D:9)
  4 howler monkeys
  2 jellies (D:5)
  5 hounds
  3 bombardier beetles
  2 human skeletons (D:7)
  4 orc priests
  A sleepcap (D:7)
  8 orc wizards
  10 iguanas
  9 gnolls
  7 adders
  2 shadow imps (D:7)
  6 white imps
  An ufetubus (D:5)
  3 dart slugs
  A ribbon worm (D:3)
  31 orcs
  7 ball pythons
  6 endoplasms
  2 giant cockroaches
  6 hobgoblins
  2 jackals (D:1)
  3 quokkas
  5 bats
  7 goblins
  24 kobolds
  7 rats
238 creatures vanquished.

Notes
Turn   | Place    | Note
-------+----------+-------------------------------------------
     0 | D:1      | Konar the Coglin Hunter began the quest for the Orb.
     0 | D:1      | Reached XP level 1. HP: 16/16 MP: 1/1
   916 | D:2      | Reached skill level 4 in Ranged Weapons
   916 | D:2      | Reached XP level 2. HP: 21/23 MP: 2/2
   919 | D:2      | Reached XP level 3. HP: 14/28 MP: 3/3
  1017 | D:2      | Reached XP level 4. HP: 34/34 MP: 4/4
  1250 | D:2      | Found an ancient bone altar of Kikubaaqudgha.
  1557 | D:3      | Noticed an ogre
  1660 | D:3      | Killed an ogre
  1661 | D:3      | Reached skill level 5 in Ranged Weapons
  1661 | D:3      | Reached XP level 5. HP: 41/41 MP: 5/5
  1857 | D:3      | Found a hide-covered altar of Uskayaw.
  1857 | D:3      | Found a white marble altar of Elyvilon.
  1945 | D:3      | Got Cerebov's Incunable of Injury
  2135 | D:3      | Found a faded altar of an unknown god.
  2683 | D:4      | Reached XP level 6. HP: 48/48 MP: 6/6
  2725 | D:4      | Reached skill level 6 in Ranged Weapons
  3466 | D:4      | Reached XP level 7. HP: 14/53 MP: 7/7
  3797 | D:4      | Reached skill level 7 in Ranged Weapons
  3800 | D:4      | Reached skill level 5 in Fighting
  4183 | D:5      | Entered Level 5 of the Dungeon
  4365 | D:5      | Reached XP level 8. HP: 62/62 MP: 8/8
  4514 | D:5      | Found a glowing silver altar of Zin.
  4527 | D:5      | Reached skill level 8 in Ranged Weapons
  4789 | D:5      | Found a blossoming altar of Fedhas.
  5090 | D:5      | You fall into a shaft and drop 2 floors!
  5174 | D:7      | Reached skill level 9 in Ranged Weapons
  5224 | D:7      | Found a bloodstained altar of Trog.
  5278 | D:7      | Reached XP level 9. HP: 51/71 MP: 9/9
  5887 | D:7      | Found a stormy altar of Qazlal.
  5887 | D:7      | Noticed a red ugly thing
  6591 | D:6      | Found a sparkling altar of Nemelex Xobeh.
  6706 | D:6      | Reached skill level 10 in Ranged Weapons
  7013 | D:6      | Found an iron altar of Okawaru.
  7018 | D:6      | Became a worshipper of Warmaster Okawaru
  7325 | D:7      | Found a staircase to the Ecumenical Temple.
  7330 | Temple   | Entered the Ecumenical Temple
  7501 | D:7      | Found a runed translucent door.
  7516 | D:7      | Found a basalt altar of Yredelemnul.
  7778 | D:7      | Reached skill level 1 in Invocations
  7947 | D:8      | Noticed Gastronok
  7952 | D:8      | Noticed a two-headed ogre
  7953 | D:8      | Noticed Grum
  7964 | D:7      | Killed a two-headed ogre
  7964 | D:7      | Reached * piety under Okawaru
  7965 | D:7      | Reached XP level 10. HP: 17/80 MP: 9/11
  8253 | D:8      | Killed Gastronok
  8253 | D:8      | Reached ** piety under Okawaru
  8254 | D:8      | Reached skill level 11 in Ranged Weapons
  8669 | D:8      | Noticed Erica
  8675 | D:8      | Paralysed by something for 3 turns
  8684 | D:8      | Killed Erica
  8684 | D:8      | Reached *** piety under Okawaru
  8695 | D:8      | Killed Grum
  9083 | D:8      | Noticed a two-headed ogre
  9092 | D:8      | Killed a two-headed ogre
  9093 | D:8      | Reached skill level 12 in Ranged Weapons
  9093 | D:8      | HP: 2/83 [komodo dragon (31)]
  9470 | D:8      | Reached XP level 11. HP: 89/89 MP: 14/14
  9485 | D:8      | Reached **** piety under Okawaru
  9683 | D:8      | Found a staircase to the Lair.
 10247 | D:9      | Noticed Jeremiah
 10257 | D:9      | Killed Jeremiah
 10684 | D:9      | Found a radiant altar of Vehumet.
 10758 | D:9      | Reached skill level 5 in Invocations
 10946 | D:9      | Noticed Maurice
 10956 | D:9      | Killed Maurice
 11100 | D:9      | Found a staircase to the Orcish Mines.
 11298 | D:10     | Entered Level 10 of the Dungeon
 11674 | D:10     | Found an opulent altar of Gozag.
 11720 | D:10     | Found a transporter.
 11762 | D:10     | Found Byimaux's One-of-a-Kind Rings.
 11957 | D:10     | Paralysed by a hornet for 1 turns
 12140 | Lair:1   | Entered Level 1 of the Lair of Beasts
 12196 | Lair:1   | Noticed Nergalle
 12207 | Lair:1   | Reached ***** piety under Okawaru
 12208 | Lair:1   | Reached skill level 13 in Ranged Weapons
 12212 | Lair:1   | Slain by a spectral orc warrior

Illustrated notes

Levels and vault maps discovered:
D:1:      roderic_crop_circles_arrival_small, layout_loops_corners
D:2:      layout_basic, basic_altar
D:3:      layout_basic, mainiacjoe_overflow_divided_tiny,
          ebering_ecumenical_altar_hall, roderic_serpentine_path
D:4:      minmay_chambers_of_threes, layout_basic, grunt_ministairs_6,
          kennysheep_another_room, nrook_uturn, st_stairs_13
D:5:      layout_rooms, overflow_temple_1_default, mainiacjoe_overflow_paths,
          serial_bayou, serial_bayou_shore_a, serial_bayou_pond_b,
          serial_bayou_pond_a, serial_bayou_pond_b
D:6:      layout_basic, mainiacjoe_overflow_alcove_4,
          mainiacjoe_overflow_alcove_1
D:7:      layout_basic, dk_yredelemnul_ordeal,
          minmay_temple_entry_gardened_gates, hangedman_feature_mirror
D:8:      layout_basic, due_lair_maze_entry_diamond, uniq_erica, uniq_grum,
          uniq_gastronok
D:9:      layout_loops_cross, mainiacjoe_overflow_small_starburst, orc_0_dummy,
          nicolae_tricolors, uniq_jeremiah, uniq_maurice
D:10:     layout_layer_cave, mainiacjoe_overflow_24_doors, tso_oasis_becter,
          corexii_checkpoint, nicolae_shop_unique_rings, grunt_decor_resistance,
          nicolae_diode_intersection
Temple:   nicolae_temple_slightly_damp_pantheon
Lair:1:   layout_gridlike, grunt_megastairs_1, uniq_nergalle

Skill      XL: |  1  2  3  4  5  6  7  8  9 10 11 |
---------------+----------------------------------+-----
Ranged Weapons | 4 5 6 7 9 10 12 13 | 13.0
Fighting       | 3 4 5 6 8 9 |  9.9
Invocations    | 2 4 5 |  5.2
Dodging        | |  1.7
Stealth        | |  0.7

Action                     |  1- 3 |  4- 6 |  7- 9 | 10-12 || total
---------------------------+-------+-------+-------+-------++-------
   Fire: Sling             |    76 |   334 |   656 |   642 ||  1708
  Throw: Dart              |       |       |       |     4 ||     4
  Evoke: Wand              |       |       |       |     2 ||     2
    Use: Scroll            |       |     9 |     5 |    11 ||    25
         Potion            |       |     2 |     2 |     4 ||     8
 Armour: Leather armour    |     7 |    30 |    83 |   101 ||   221
         Skin              |       |       |       |    49 ||    49
  Dodge: Dodged            |    16 |    31 |    65 |    53 ||   165

Table legend: (Time is in decaauts)
 A = Elapsed time spent in this place.
 B = Non-inter-level travel time spent in this place.
 C = Inter-level travel time spent in this place.
 D = Time resting spent in this place.
 E = Time spent auto-exploring this place.
 F = Levels seen in this place.
 G = Mean time per level.
                   A        B        C        D        E       F      G
               +--------+--------+--------+--------+--------+-----+--------+
         Total |  12159 |  11210 |    949 |   2166 |   7610 |  12 | 1013.2 |
       Dungeon |  12089 |  11140 |    949 |   2166 |   7558 |  10 | 1208.9 |
        Temple |      1 |      1 |      0 |      0 |      0 |   1 |    1.0 |
          Lair |     68 |     68 |      0 |      0 |     52 |   1 |   68.0 |
               +--------+--------+--------+--------+--------+-----+--------+

Top non-repeatable levels by time:
     D:7: 2355 daAuts
     D:4: 1785 daAuts
     D:9: 1348 daAuts
     D:8: 1264 daAuts
     D:5: 1095 daAuts
     D:6: 1069 daAuts
     D:3: 984 daAuts
     D:1: 895 daAuts
     D:2: 701 daAuts
    D:10: 588 daAuts
  Lair:1: 68 daAuts
  Temple: 1 daAuts
